 Dungeon Crawl Stone Soup version 0.28.0-1-gb440e238dd (webtiles) character file.

Game seed: 10675440566056492782

14 Zeldest the Caller (level 2, -5/13 HPs)
             Began as a Vine Stalker Summoner on Feb 21, 2022.
             Slain by a gnoll (8 damage)
             ... on level 1 of the Dungeon.
             The game lasted 00:03:35 (440 turns).

Zeldest the Caller (Vine Stalker Summoner)           Turns: 440, Time: 00:03:36

Health: -5/13      AC:  2    Str: 10    XL:     2   Next: 41%
Magic:  0/6        EV: 12    Int: 15    God:
Gold:   10         SH:  0    Dex: 14    Spells: 2/5 levels left

rFire   . . .      SeeInvis .   (no weapon)
rCold   . . .      Faith    .   (no shield)
rNeg    . . .      Spirit   +   a - +0 robe
rPois   .          Reflect  .   (no helmet)
rElec   .          Harm     .   (no cloak)
rCorr   .          Rampage  .   (no gloves)
Will    .....                   (no boots)
Stlth   ++........              (no amulet)
HPRegen 0.04/turn               (no ring)
MPRegen 0.10/turn               (no ring)

@: very slightly contaminated
A: fangs 2, magic shield, antimagic bite, no potion heal 2
a: no special abilities


You were on level 1 of the Dungeon.
You visited 1 branch of the dungeon, and saw 1 of its levels.

You collected 10 gold pieces.

Inventory:

Armour
 a - a +0 robe (worn)


   Skills:
 + Level 1.8 Dodging
 + Level 2.8 Stealth
 + Level 2.4 Spellcasting
 + Level 4.1 Summonings


You had 2 spell levels left.
You knew the following spells:

 Your Spells              Type           Power      Damage    Failure   Level
a - Call Imp              Summ           14%        N/A       6%          2
b - Summon Small Mammal   Summ           56%        N/A       3%          1

Your spell library contained the following spells:

 Spells                   Type           Power      Damage    Failure   Level
 Call Canine Familiar     Summ           14%        N/A       12%         3
 Summon Guardian Golem    Hex/Summ       8%         N/A       26%         3
 Summon Lightning Spire   Summ/Air       8%         N/A       65%         4


Dungeon Overview and Level Annotations

Branches:
Dungeon (1/15)

Altars:


Innate Abilities, Weirdness & Mutations

You have extremely sharp teeth.
When hurt, damage is shared between your health and your magic reserves.
Your bite disrupts and absorbs the magic of your enemies.
Potions cannot restore your health.


Message History

The gnoll hits you from afar with a +0 spear!
Ouch! That really hurt!
* * * LOW HITPOINT WARNING * * *
The endoplasm hits your rat.
Your bat hits the endoplasm but does no damage.
Your rat bites the endoplasm.
The endoplasm hits your rat but does no damage.
Your crimson imp blinks!
Your rat bites the endoplasm.
The endoplasm dies!
Your bat hits the gnoll.
Your rat bites the gnoll but does no damage.
Your bat hits the gnoll. Your bat hits the gnoll.
Your rat barely misses the gnoll.
You see here a hobgoblin corpse.
Your bat hits the gnoll but does no damage.
Your bat closely misses the gnoll.
Your crimson imp blinks!
Your bat hits the gnoll.
Your crimson imp blinks!
Your rat disappears in a puff of smoke!
Your crimson imp blinks!
You see here a rat skeleton.
There is an open door here.
You close the door.
The troll shouts!
A gnoll breaks down the door.
Casting: Summon Small Mammal (safe; 3% risk of failure)
Confirm with . or Enter, or press ? or * to list all spells.
You miscast Call Imp.
You are very lightly contaminated with residual magic.
Nothing appears to happen.
The naga shouts!
Casting: Call Imp (safe; 6% risk of failure)
Confirm with . or Enter, or press ? or * to list all spells.
A metallic apparition takes form in the air.
You swap places.
Your iron imp hits the gnoll.
The gnoll hits you from afar with a +0 spear!
Ouch! That really hurt!
You die...

#9#.#g#.#.### #.#...
###.###.#...###.#...
#x#.#i#.......#.#...
###.######....#.#...
#p#.#p#(......#.#...
###.###.##....#.#...
#m#.#f#.##........#.
###.###...........#.
#6#@#d####........#.
###5### ###......#.
#T#g#N# #......#.
###.### #........
#h#.#.# #........
###'### ##.......
##.# #.......
######..# #.......
#....รท.##
###.......


You could see a demonspawn, a draconian (wandering), a gnoll (ally target) and a
friendly iron imp (summoned).

Vanquished Creatures
  2 hobgoblins (D:1)
  A bat (D:1)
  A kobold (D:1)
  2 rats (D:1)
6 creatures vanquished.

Vanquished Creatures (collateral kills)
  A ball python (D:1)
  2 endoplasms (D:1)
  A goblin (D:1)
  A hobgoblin (D:1)
  A kobold (D:1)
6 creatures vanquished.

Grand Total: 12 creatures vanquished

Notes
Turn   | Place    | Note
-------+----------+-------------------------------------------
     0 | D:1      | Zeldest the Vine Stalker Summoner began the quest for the
                  | Orb.
     0 | D:1      | Reached XP level 1. HP: 9/9 MP: 4/4
     2 | D:1      | Noticed a minotaur
     4 | D:1      | Noticed a tengu
     6 | D:1      | Noticed an ogre
     8 | D:1      | Noticed a vampire
     8 | D:1      | Noticed an elf
    12 | D:1      | Noticed a ghoul
    12 | D:1      | Noticed a formicid
    14 | D:1      | Noticed a gargoyle
    14 | D:1      | Noticed a dwarf
    16 | D:1      | Noticed an octopode
    16 | D:1      | Noticed a spriggan
    18 | D:1      | Noticed a demigod
    18 | D:1      | Noticed a human
    20 | D:1      | Noticed a merfolk
    20 | D:1      | Noticed a vine stalker
    22 | D:1      | Noticed a demonspawn
    22 | D:1      | Noticed a draconian
    24 | D:1      | Noticed a troll
    24 | D:1      | Noticed a naga
    26 | D:1      | Noticed a felid
   244 | D:1      | Reached XP level 2. HP: 3/13 MP: 3/6
   247 | D:1      | Learned a level 2 spell: Call Imp
   440 | D:1      | Slain by a gnoll

Illustrated notes

Levels and vault maps discovered:
D:1:      kb_arrival_jail, layout_basic

Action                   || total
-------------------------++-------
Melee: Unarmed           ||    31
       Bite              ||     5
 Cast: Summon Small Mamm ||    15
       Call Imp          ||     4
 Stab: Sleeping          ||     2
Armor: Robe              ||    20
Dodge: Dodged            ||    35
